 Dungeon Crawl Stone Soup version 0.30.1-4-g462c640d31 (webtiles) character file.

Game seed: 7793369109005547243

17 lonewolfV2 the Trooper (level 2, -2/24 HPs)
             Began as a Demonspawn Fighter on Aug 28, 2023.
             Succumbed to a kobold's poison
             ... on level 1 of the Dungeon.
             The game lasted 00:00:36 (549 turns).

lonewolfV2 the Trooper (Demonspawn Fighter)          Turns: 549, Time: 00:00:36

Health: -2/24      AC:  6    Str: 16    XL:     2   Next: 44%
Magic:  2/2        EV:  8    Int:  9    God:
Gold:   67         SH:  4    Dex: 12    Spells: 1/1 levels left

rFire   . . .        a - +0 war axe
rCold   . . .        c - +0 buckler
rNeg    . . .        b - +0 scale mail
rPois   .            (no helmet)
rElec   .            (no cloak)
rCorr   .            (no gloves)
SInv    +            (no boots)
Will    +....        (no amulet) Stlth
                     h - ring of see invisible
HPRegen 0.24/turn    k - ring of willpower
MPRegen 0.08/turn

%: no passive effects
@: lethally poisoned (-2 -> -14)
A: foul stench 1
a: no special abilities


You were on level 1 of the Dungeon.
You visited 1 branch of the dungeon, and saw 1 of its levels.

You collected 67 gold pieces.

Inventory:

Hand Weapons
 a - a +0 war axe (weapon)
Armour
 b - a +0 scale mail (worn)
 c - a +0 buckler (worn)
Jewellery
 h - a ring of see invisible (left hand)
 k - a ring of willpower (right hand)
Scrolls
 e - 4 scrolls of identify {unknown}
 f - a scroll of amnesia {unknown}
 i - 2 scrolls of teleportation {unknown}
 j - a scroll of butterflies {unknown}
 l - a scroll of fog {unknown}
 m - a scroll of magic mapping {unknown}
Potions
 d - a potion of might
 g - a potion of berserk rage {unknown}


   Skills:
 + Level 3.3 Fighting
 + Level 1.9 Axes
 + Level 2.9 Armour
 + Level 3.0 Shields


You had one spell level left.
You didn't know any spells.
Your spell library contained the following spells:

 Spells                   Type           Power      Damage    Failure   Level
 Blink                    Tloc           0%         N/A       96%         2
 Lesser Beckoning         Tloc           0%         N/A       96%         2
 Momentum Strike          Conj/Tloc      0%         3d8       96%         2


Dungeon Overview and Level Annotations

Branches:
Dungeon (1/15)

Altars:


Innate Abilities, Weirdness & Mutations

You may rarely emit foul miasma when damaged in melee.


Message History

i - 2 scrolls labelled NOVINUQEHULIWK (gained 1)
Found a stone staircase leading down.
k - a ring of willpower
There is a stone staircase leading down here.
l - a scroll labelled OGAUSA SOHUNEC You see here a +1 helmet.
You now have 67 gold pieces (gained 13).
m - a scroll labelled FEACSU JUXZEIL
There is a stone staircase leading down here.
Found a chain mail.
h - a ring of see invisible (left hand)
k - a ring of willpower (right hand)
You see here a +0 chain mail.
A kobold comes into view.
It is wielding a +0 short sword of venom.
The kobold shouts!
A kobold is nearby!
A kobold is nearby!
The kobold hits you with a +0 short sword of venom.
You are poisoned.
You feel very sick. You block the kobold's attack.
You closely miss the kobold.
You feel very sick. The kobold hits you but does no damage.
You are more poisoned.
You hit the kobold but do no damage.
You feel very sick. The kobold closely misses you.
The kobold hits you but does no damage.
You are lethally poisoned!
You closely miss the kobold.
You feel very sick. The kobold hits you but does no damage.
You are more poisoned.
You closely miss the kobold.
* * * LOW HITPOINT WARNING * * *
You feel very sick.
The kobold hits you with a +0 short sword of venom.
* * * LOW HITPOINT WARNING * * *
You barely miss the kobold.
You die...

#.#..#....#......#
#...##....##..####
##..#......#..# #.
#..##..##.# # #..#
##..#.# #.. ..#.#
##. .##.# #..#
#K@# #..## ....#
#####


You could see a kobold.

Vanquished Creatures
  3 ball pythons (D:1)
  2 endoplasms (D:1)
  A goblin (D:1)
  2 hobgoblins (D:1)
  2 jackals (D:1)
  2 kobolds (D:1)
  A bat (D:1)
  A frilled lizard (D:1)
  A rat (D:1)
15 creatures vanquished.

Notes
Turn   | Place    | Note
-------+----------+-------------------------------------------
     0 | D:1      | lonewolfV2 the Demonspawn Fighter began the quest for the
                  | Orb.
     0 | D:1      | Reached XP level 1. HP: 18/18 MP: 1/1
   192 | D:1      | Gained mutation: You may rarely emit foul miasma when
                  | damaged in melee. [demonic ancestry]
   192 | D:1      | Reached XP level 2. HP: 23/24 MP: 2/2
   548 | D:1      | HP: 1/24 [kobold/+0 short sword of venom (2)]
   549 | D:1      | Succumbed to a kobold's poison

Illustrated notes

Levels and vault maps discovered:
D:1:      psy_arrival_fountain, layout_basic, minmay_misc_feat_iff

Skill      XL: |  1  2 |
---------------+-------+-----
Shields        | 3 |  3.0
Fighting       | |  3.3
Axes           | |  1.9
Armour         | |  2.9

Action                     || total
---------------------------++-------
  Melee: War axe           ||    35
 Armour: Scale mail        ||    17
  Dodge: Dodged            ||    18
  Block: Buckler           ||     8
